 Dungeon Crawl Stone Soup version 0.31-a0-875-g02e7d12df6 (webtiles) character file.

Game seed: 15119430857681383216

137 javelincjr the Changeling (level 5, -7/40 HPs)
             Began as a Minotaur Shapeshifter on Oct 12, 2023.
             Was an Initiate of Hepliaklqana.
             Mangled by an iguana (13 damage)
             ... on level 4 of the Dungeon.
             The game lasted 00:06:42 (2486 turns).

javelincjr the Changeling (Minotaur Shapeshifter)   Turns: 2486, Time: 00:06:43

Health: -7/40      AC:  2    Str: 20    XL:     5   Next: 0%
Magic:  0/4        EV: 12    Int: 13    God:    Hepliaklqana [......]
Gold:   126        SH:  0    Dex: 10    Spells: 4/4 levels left

rFire   . . .        r - +5 long sword
rCold   . . .        (no shield)
rNeg    . . .        a - +0 animal skin
rPois   .            (helmet currently unavailable)
rElec   .            (cloak currently unavailable)
rCorr   .            (gloves currently unavailable)
SInv    .            (boots currently unavailable)
Will    .....        o - amulet of guardian spirit
Stlth   +            f - +6 ring of intelligence
HPRegen 0.26/turn    (no ring)
MPRegen 0.09/turn

%: guardian spirit
@: beast-form
A: beast (slay +2), horns 2, retaliatory headbutt
a: Begin Untransformation, Renounce Religion


You were on level 4 of the Dungeon.
You worshipped Hepliaklqana.
Hepliaklqana was noncommittal.
You were a hulking beast.
You visited 1 branch of the dungeon, and saw 4 of its levels.

You collected 126 gold pieces.

Inventory:

Hand Weapons
 r - a +5 long sword (weapon)
 s - a +2 quarterstaff of chaos
Missiles
 h - 13 poisoned darts
Armour
 a - a +0 animal skin (worn)
 t - a +0 cloak of willpower
Jewellery
 f - a +6 ring of intelligence (left hand)
 l - a ring of fire
 n - a ring of ice
 o - an amulet of guardian spirit (around neck)
Talismans
 c - a beast talisman (active)
 d - a flux talisman
Scrolls
 g - 6 scrolls of teleportation
 i - 2 scrolls of blinking
 k - a scroll of fog
 m - 3 scrolls of identify
 p - a scroll of immolation {unknown}
Potions
 b - a potion of lignification
 e - 3 potions of attraction
 j - a potion of enlightenment
 u - a potion of curing


   Skills:
 - Level 1.2 Fighting
 - Level 2.1 Dodging
 - Level 3.2 Unarmed Combat
 * Level 4.4 Shapeshifting


You had 4 spell levels left.
You didn't know any spells.
Your spell library contained the following spells:

 Spells                   Type           Power      Damage    Failure   Level
 Foxfire                  Conj/Fire      0%         2x1d4     30%         1
 Slow                     Hex            0%         N/A       30%         1
 Confusing Touch          Hex            0%         N/A       67%         3
 Sigil of Binding         Hex            0%         N/A       67%         3
 Vampiric Draining        Necr           0%         2d6       67%         3


Dungeon Overview and Level Annotations

Branches:
Dungeon (4/15)
 Temple: D:4-7

Altars:
Cheibriados
Hepliaklqana


Innate Abilities, Weirdness & Mutations

You are a hulking beast.
Your limbs bulge with bestial killing power. (Slay +2)
You have a pair of horns on your head.
You reflexively headbutt those who attack you in melee.


Message History

You slash the ball python!
You kill the ball python!
No target in view!
A ball python comes into view.
The ball python hisses angrily.
You hear a shout!
A gnoll comes into view. It is wielding a +0 flail.
The gnoll shouts!
A gnoll comes into view. It is wielding a +0 whip.
A gnoll comes into view. It is wielding a +0 halberd.
The gnoll shouts! x2
You hit the ball python.
You kill the ball python!
You have reached level 5!
A gnoll comes into view. It is wielding a +0 flail.
The gnoll shouts!
Found a scroll of fog.
The gnoll hits you with a +0 whip. The gnoll closely misses you.
You slash the gnoll!
The gnoll is heavily wounded.
The gnoll closely misses you.
The gnoll hits you from afar with a +0 halberd!
The gnoll misses you. The gnoll barely misses you.
The gnoll hits you with a +0 whip. The gnoll hits you with a +0 flail!
You are too injured to fight recklessly!
You are too injured to fight recklessly!
The gnoll attacks as it pursues you! The gnoll misses you.
The gnoll attacks as it pursues you!
The gnoll hits you from afar with a +0 halberd!
* * * LOW HITPOINT WARNING * * *
The gnoll attacks as it pursues you! The gnoll barely misses you.
You furiously retaliate!
You headbutt the gnoll. The gnoll attacks as it pursues you!
The gnoll hits you with a +0 flail.
* * * LOW HITPOINT WARNING * * *
The gnoll attacks as it pursues you! The gnoll hits you with a +0 flail!
* * * LOW HITPOINT WARNING * * *
An iguana comes into view.
The gnoll attacks as it pursues you! The gnoll misses you.
You furiously retaliate!
You headbutt the gnoll. The iguana bites you!
You die...

######.#........
.......g.######
.........[....#
.......g..##.#########
.####.#...##.........#
.......g##########.##
###.#.#.g.g.........#
#.#.#####....###.## .
... #...g.h.<...#
...#.#...##.l#######
## #### #.... ....###
######


You could see an iguana and 4 gnolls.

Vanquished Creatures
  Crazy Yiuf (D:3)
  A mummy (D:3)
  3 adders
  A worm (D:2)
  A dart slug (D:3)
  2 orcs (D:3)
  9 ball pythons
  3 endoplasms
  2 giant cockroaches (D:3)
  9 hobgoblins
  4 jackals (D:1)
  8 kobolds
  A quokka (D:1)
  5 bats
  2 frilled lizards (D:1)
  3 goblins
  6 rats
61 creatures vanquished.

Vanquished Creatures (collateral kills)
  A bat (D:3)
1 creature vanquished.

Grand Total: 62 creatures vanquished

Notes
Turn   | Place    | Note
-------+----------+-------------------------------------------
     0 | D:1      | javelincjr the Minotaur Shapeshifter began the quest for
                  | the Orb.
     0 | D:1      | Reached XP level 1. HP: 16/16 MP: 0/0
   190 | D:1      | Reached XP level 2. HP: 16/23 MP: 1/1
   201 | D:1      | Reached skill level 3 in Shapeshifting
   909 | D:2      | Reached XP level 3. HP: 28/28 MP: 2/2
  1549 | D:3      | Found a snail-covered altar of Cheibriados.
  1554 | D:3      | Reached XP level 4. HP: 24/35 MP: 1/3
  1694 | D:3      | Reached skill level 4 in Shapeshifting
  1793 | D:3      | Found a hazy altar of Hepliaklqana.
  1821 | D:3      | Became a worshipper of Hepliaklqana the Forgotten
  1869 | D:3      | Found a faded altar of an unknown god.
  1873 | D:3      | Got a well-preserved book
  1897 | D:3      | Found a runed translucent door.
  1898 | D:3      | Noticed Crazy Yiuf
  1903 | D:3      | Killed Crazy Yiuf
  2458 | D:4      | Reached XP level 5. HP: 40/40 MP: 4/4
  2486 | D:4      | Mangled by an iguana

Illustrated notes

Levels and vault maps discovered:
D:1:      sevenhm_arrival_forest_fort_large_4, layout_loops_ring,
          minmay_misc_feat_plants
D:2:      layout_basic
D:3:      layout_basic, slow_altar_2, old_standard_altar, serial_aquarium,
          aquarium_bridge_square [aquarium_subvault_bridge,
          aquarium_subvault_bridge, aquarium_subvault_window,
          aquarium_subvault_bridge], aquarium_window_1, aquarium_window_1,
          aquarium_window_corridor_2, aquarium_view_2d, aquarium_view_2d,
          aquarium_pool_1, shapermc_ecumenical_altar_rom_forum,
          kennysheep_generic_room_6, uniq_crazy_yiuf_cottage
D:4:      layout_basic, kennysheep_generic_room_14

Skill      XL: |  1  2  3  4 |
---------------+-------------+-----
Shapeshifting  | 3 4 |  4.4
Fighting       | |  1.2
Dodging        | |  2.1
Unarmed Combat | |  3.2

Action                     |  1- 3 |  4- 6 || total
---------------------------+-------+-------++-------
  Melee: Unarmed           |    88 |       ||    88
         Headbutt          |    17 |     4 ||    21
         Long sword        |     2 |    29 ||    31
    Use: Scroll            |     3 |     7 ||    10
   Stab: Sleeping          |     1 |       ||     1
 Armour: Animal skin       |    37 |    29 ||    66
  Dodge: Dodged            |    38 |    31 ||    69

Table legend: (Time is in decaauts)
 A = Elapsed time spent in this place.
 B = Non-inter-level travel time spent in this place.
 C = Inter-level travel time spent in this place.
 D = Time resting spent in this place.
 E = Time spent auto-exploring this place.
 F = Levels seen in this place.
 G = Mean time per level.
                   A        B        C        D        E       F      G
               +--------+--------+--------+--------+--------+-----+--------+
         Total |   2491 |   2424 |     67 |      0 |   2020 |   4 |  622.8 |
       Dungeon |   2491 |   2424 |     67 |      0 |   2020 |   4 |  622.8 |
               +--------+--------+--------+--------+--------+-----+--------+

Top non-repeatable levels by time:
     D:3: 992 daAuts
     D:1: 867 daAuts
     D:2: 565 daAuts
     D:4: 66 daAuts
